 Dungeon Crawl Stone Soup version 0.24.1-14-gf8d2b509d9 (console) character file.

Game seed: 4848593133849912426, levelgen mode: deterministic

14550 Kagalorn the Cleaver (level 11, -7/99 HPs)
             Began as a Minotaur Wanderer on July 23, 2021.
             Was a High Priest of the Shining One.
             Mangled by a red ugly thing (18 damage)
             ... on level 11 of the Dungeon.
             The game lasted 00:23:24 (12097 turns).

Kagalorn the Cleaver (Minotaur Wanderer)           Turns: 12097, Time: 00:23:25

Health: -7/99      AC: 14    Str: 15    XL:     11   Next: 90%
Magic:  14/14      EV:  9    Int:  7    God:    the Shining One [*****.]
Gold:   808        SH:  0    Dex: 17    Spells: 10/10 levels left

rFire    . . .     SeeInvis .   a - +2 battleaxe (freeze)
rCold    + . .     Gourm    .   (shield currently unavailable)
rNeg     + + .     Faith    .   k - +0 plate armour
rPois    .         Spirit   .   (helmet restricted)
rElec    .         Reflect  .   u - scarf {repulsion}
rCorr    .         Harm     .   (no gloves)
MR       +....                  (no boots)
Stlth    ..........             (no amulet)
HPRegen  0.26/turn              o - ring of protection from magic
MPRegen  0.14/turn              q - ring of protection from cold

@: glowing, repel missiles
A: retaliatory headbutt, horns 2
a: Divine Shield, Cleansing Flame, Summon Divine Warrior, Renounce Religion


You were on level 11 of the Dungeon.
You worshipped the Shining One.
The Shining One was extremely pleased with you.
You were hungry.

You visited 2 branches of the dungeon, and saw 12 of its levels.
You also visited: Ice Cave.

You collected 808 gold pieces.

Inventory:

Hand Weapons
 a - a +2 battleaxe of freezing (weapon)
 b - a +2 hand crossbow
 d - a +0 morningstar
 i - a +1 broad axe
 E - a +4 battleaxe
Missiles
 h - 160 bolts
 j - 114 sling bullets
 p - 3 silver boomerangs
 x - 175 stones (quivered)
 B - 4 javelins
Armour
 k - a +0 plate armour (worn)
 u - a scarf of repulsion (worn)
Jewellery
 o - a ring of protection from magic (left hand)
 q - a ring of protection from cold (right hand)
Wands
 s - a wand of polymorph (13)
 w - a wand of paralysis (3)
Scrolls
 c - 4 scrolls of teleportation
 m - 2 scrolls of enchant armour
 v - a scroll of fog
 y - a scroll of remove curse
 A - a scroll of enchant weapon
 D - a scroll of fear
Potions
 e - a potion of berserk rage
 g - 3 potions of lignification
 l - 4 potions of agility
 n - 2 potions of flight
 r - 4 potions of mutation
 t - 2 potions of heal wounds
 z - 3 potions of might
 C - 3 potions of resistance
Comestibles
 f - 9 rations


   Skills:
 - Level 10.0 Fighting
   Level 1.1 Short Blades
 * Level 13.7 Axes
 - Level 2.1 Crossbows
 - Level 10.0 Armour
 + Level 9.4 Dodging
   Level 2.4 Shields
 * Level 5.8 Invocations


You had 10 spell levels left.
You didn't know any spells.
Your spell library contained the following spells:

 Spells                   Type           Power        Failure   Level  Hunger
 Animate Skeleton         Necr           N/A          100%        1    ##.....
 Magic Dart               Conj           #...         100%        1    ##.....
 Pain                     Necr           #...         100%        1    ##.....
 Searing Ray              Conj           #.....       100%        2    ###....
 Dazzling Spray           Conj/Hex       #.....       100%        3    ####...
 Regeneration             Chrm/Necr      #.........   100%        3    ####...
 Vampiric Draining        Necr           #.........   100%        3    ####...
 Animate Dead             Necr           N/A          100%        4    #####..
 Force Lance              Conj/Tloc      #.......     100%        4    #####..
 Fulminant Prism          Conj/Hex       #.........   100%        4    #####..
 Iskenderun's Mystic Bla  Conj           #.......     100%        4    #####..


Dungeon Overview and Level Annotations

Branches:
Dungeon (11/15)            Temple (1/1) D:7            Lair (0/6) D:10
    Orc (0/2) D:10          IceCv (visited)

Altars:
Ashenzari
Cheibriados
Dithmenos
Elyvilon
Fedhas
Gozag
Hepliaklqana
Kikubaaqudgha
Makhleb
Nemelex Xobeh
Okawaru
Qazlal
Ru
Sif Muna
Trog
Uskayaw
Vehumet
Wu Jian
Xom
Yredelemnul
Zin
The Shining One

Shops:
D:6 %

Annotations:
D:6 1 runed translucent door, Kagalorn's ghost, novice OpTm
D:8 exclusion: hydra
D:10 3 runed translucent doors, NeAGen181's ghost, journeyman TeSu


Innate Abilities, Weirdness & Mutations

You reflexively headbutt those who attack you in melee.
You have a pair of horns on your head.


Message History

You hit the red ugly thing but do no damage.
Your headbutt misses the red ugly thing.
The red ugly thing is moderately wounded.
The red ugly thing stings you but does no damage.
You slash the red ugly thing! You freeze the red ugly thing.
The red ugly thing is heavily wounded.
The red ugly thing stings you but does no damage.
You slash the red ugly thing! You freeze the red ugly thing.
The red ugly thing is severely wounded.
The red ugly thing stings you.
You are engulfed in flames!
You hit the red ugly thing. You freeze the red ugly thing.
The red ugly thing is severely wounded.
The red ugly thing stings you.
You are engulfed in flames!!
* * * LOW HITPOINT WARNING * * *
You hit the red ugly thing. You freeze the red ugly thing.
The red ugly thing is severely wounded.
The red ugly thing stings you!
* * * LOW HITPOINT WARNING * * *
You are engulfed in flames!!
You die...

##...........###
#.#
#.................
..#
#.##...........###
#.. #
#...........# ##.
#...........#
#...........#
#...........#
##########.## #@#
#u# ###o# ##...#
#..### #'## .u.
#.... ....a.


You could see a red ugly thing and an orc.

Vanquished Creatures
  2 two-headed ogres
  An unseen horror (D:11)
  Pikel (D:8)
  2 ice statues (IceCv)
  2 gargoyles (D:10)
  A troll (D:9)
  10 polar bears (IceCv)
  2 hippogriffs
  6 yaks (IceCv)
  2 hungry ghosts
  Edmund (D:6)
  4 black bears
  An orc warrior (D:9)
  4 ice beasts
  5 phantoms
  3 sky beasts
  2 necrophages (D:10)
  8 wolves (IceCv)
  2 ogres
  A centaur (D:5)
  A crocodile (D:10)
  5 bullfrogs
  A big kobold (D:9)
  A water moccasin skeleton (D:9)
  3 scorpions
  3 killer bees (D:10)
  24 wights
  3 crimson imps
  A quasit (D:9)
  4 orc priests
  3 jellies
  5 orc wizards
  2 bullfrog skeletons
  A centaur skeleton (D:10)
  2 centaur zombies
  7 hounds
  An iguana (D:4)
  9 worker ants
  6 ogre zombies (D:10)
  A hound skeleton (D:4)
  A howler monkey skeleton (D:9)
  7 adders
  2 shadow imps
  12 white imps (D:11)
  An adder skeleton (D:9)
  2 adder zombies
  4 worms
  A dart slug (D:4)
  6 leopard geckos
  15 orcs
  3 bats
  3 giant cockroaches
  A goblin (D:2)
  A hobgoblin (D:2)
  6 kobolds (D:1)
  3 quokkas
  6 frilled lizards
  2 goblin skeletons (D:10)
  2 goblin zombies (D:10)
  2 hobgoblin skeletons (D:10)
  A hobgoblin zombie (D:10)
  A jackal skeleton (D:4)
  An orc skeleton (D:10)
  11 orc zombies (D:10)
  14 rats
251 creatures vanquished.

Vanquished Creatures (collateral kills)
  A frost giant (IceCv)
  A polar bear (IceCv)
  5 yaks (IceCv)
  2 wolves (IceCv)
9 creatures vanquished.

Vanquished Creatures (others)
  A slave (D:8)
  An orc priest (D:8)
  An orc (D:8)
3 creatures vanquished.

Grand Total: 263 creatures vanquished

Notes
Turn   | Place    | Note
-------+----------+-------------------------------------------
     0 | D:1      | Kagalorn the Minotaur Wanderer began the quest for the Orb.
     0 | D:1      | Kagalorn set off with the following items: a +2 hand
                  | crossbow, 25 bolts, a +0 ring mail, a potion of curing, a
                  | ration
     0 | D:1      | Reached XP level 1. HP: 19/19 MP: 0/0
   111 | D:1      | Reached XP level 2. HP: 27/27 MP: 1/1
   247 | D:1      | Reached skill level 1 in Dodging
   976 | D:2      | Reached XP level 3. HP: 21/33 MP: 2/2
  1360 | D:2      | Noticed an ice beast
  1944 | D:3      | Found a basalt altar of Yredelemnul.
  2488 | D:4      | Reached skill level 1 in Axes
  2488 | D:4      | Reached XP level 4. HP: 4/41 MP: 3/3
  2902 | D:4      | Reached skill level 2 in Axes
  3008 | D:4      | Reached XP level 5. HP: 38/47 MP: 4/4
  3222 | D:4      | Reached skill level 3 in Axes
  3311 | D:5      | Entered Level 5 of the Dungeon
  3376 | D:5      | Reached skill level 5 in Fighting
  3393 | D:5      | Noticed an ogre
  3403 | D:5      | Killed an ogre
  3403 | D:5      | Reached skill level 4 in Axes
  3403 | D:5      | Reached XP level 6. HP: 30/56 MP: 5/5
  3598 | D:5      | Found a shattered altar of Ashenzari.
  3626 | D:5      | Noticed an ice beast
  3646 | D:5      | Killed an ice beast
  3846 | D:5      | Reached XP level 7. HP: 46/61 MP: 6/6
  3894 | D:5      | Reached skill level 5 in Axes
  4259 | D:5      | Reached skill level 5 in Armour
  4443 | D:5      | Noticed a moth of wrath
  4446 | D:5      | Found a bloodstained altar of Trog.
  5165 | D:6      | Reached skill level 6 in Axes
  5344 | D:6      | Reached XP level 8. HP: 53/70 MP: 7/7
  5505 | D:6      | Found Xoppunai's Food Emporium.
  5586 | D:6      | Noticed Edmund
  5601 | D:6      | Killed Edmund
  5601 | D:6      | Reached skill level 7 in Axes
  5816 | D:6      | Found a runed translucent door.
  5827 | D:6      | Noticed Kagalorn's ghost (novice OpTm)
  5891 | D:7      | Reached skill level 5 in Dodging
  5979 | D:7      | Found an opulent altar of Gozag.
  6068 | D:7      | Found a staircase to the Ecumenical Temple.
  6078 | Temple   | Entered the Ecumenical Temple
  6213 | Temple   | Became a worshipper of the Shining One
  6357 | D:7      | Found a shimmering altar of Xom.
  6739 | D:8      | Reached skill level 8 in Axes
  6756 | D:8      | Reached * piety under the Shining One
  6790 | D:8      | Reached XP level 9. HP: 43/79 MP: 8/8
  7025 | D:8      | Noticed Pikel
  7037 | D:8      | Killed Pikel
  7037 | D:8      | Reached skill level 9 in Axes
  7190 | D:8      | Noticed an eight-headed hydra
  7380 | D:9      | Noticed a troll
  7389 | D:9      | Killed a troll
  7408 | D:9      | Reached skill level 10 in Axes
  7707 | D:9      | Found a burning altar of Makhleb.
  7723 | D:9      | Found a snail-covered altar of Cheibriados.
  7746 | D:9      | Reached ** piety under the Shining One
  7759 | D:9      | Reached XP level 10. HP: 90/90 MP: 9/9
  7997 | D:9      | Noticed a two-headed ogre
  8026 | D:9      | Killed a two-headed ogre
  8026 | D:9      | Reached skill level 11 in Axes
  8032 | D:9      | HP: 2/91 [orc warrior/+0 trident (14)]
  8637 | D:10     | Entered Level 10 of the Dungeon
  8694 | D:10     | Found a runed translucent gate.
  8694 | D:10     | Found a runed translucent gate.
  8694 | D:10     | Found a runed translucent gate.
  8694 | D:10     | Noticed a gargoyle
  8870 | D:10     | Killed a gargoyle
  8889 | D:10     | Noticed NeAGen181's ghost (journeyman TeSu)
  8910 | D:10     | Reached *** piety under the Shining One
  8949 | D:10     | Reached **** piety under the Shining One
  8974 | D:10     | Found a staircase to the Orcish Mines.
  9013 | D:10     | You fall into a shaft and drop 1 floor!
  9015 | D:11     | Noticed a phantasmal warrior
  9030 | D:11     | Noticed an unseen horror
  9043 | D:11     | Killed an unseen horror
  9043 | D:11     | Reached skill level 12 in Axes
  9053 | D:11     | Found a frozen archway.
  9069 | D:11     | Reached ***** piety under the Shining One
  9115 | IceCv    | Entered an ice cave
  9275 | IceCv    | Reached XP level 11. HP: 58/99 MP: 3/10
  9280 | IceCv    | Reached skill level 1 in Invocations
  9713 | IceCv    | Reached skill level 10 in Fighting
 10385 | IceCv    | Reached skill level 10 in Armour
 11362 | IceCv    | Noticed a frost giant
 11379 | IceCv    | Reached skill level 13 in Axes
 11382 | IceCv    | Killed a frost giant
 11591 | D:10     | Found a staircase to the Lair.
 11625 | D:10     | Reached skill level 5 in Invocations
 11844 | D:10     | Found a bloodstained altar of Trog.
 12002 | D:11     | Noticed a two-headed ogre
 12006 | D:11     | Killed a two-headed ogre
 12076 | D:11     | Noticed a red ugly thing
 12097 | D:11     | Mangled by a red ugly thing

Levels and vault maps discovered:
D:1:      dpeg_arrival_windows_large_door, layout_loops_cross,
          minmay_misc_feat_hallway
D:2:      cheibrodos_pilgrimage, layout_loops_corners
D:3:      layout_loops_corners, overflow_temple_1_default, first_ration
D:4:      layout_rooms
D:5:      layout_basic, basic_altar, minivault_4, tgw_trog
D:6:      layout_gridville, ebering_ghost_sewer_d, serial_shops,
          kennysheep_mini, uniq_edmund
D:7:      layout_gridville, nicolae_overflow_crystal_walls,
          minmay_temple_entry_gardened_gates, basic_altar
D:8:      layout_basic, hangedman_little_slice_of_home, uniq_pikel
D:9:      layout_irregular_city, serial_column_ruins, column_ruins_temple_hall,
          column_ruins_hut, column_ruins_grid_3, column_ruins_grid_3,
          column_ruins_columns_corner, column_ruins_grid_1, basic_altar,
          minmay_circle_x
D:10:     layout_rooms, lair_entry_dummy, zombieorc1_lemuel, basic_altar,
          gammafunk_ghost_necromancy
D:11:     layout_roguey, portal_ice_cave_entry_imps,
          nicolae_ashenzari_panopticon
Temple:   regret_index_temple_chain_breaker

Skill      XL: |  1  2  3  4  5  6  7  8  9 10 11 |
---------------+----------------------------------+-----
Dodging        | 1 2 3 4 5 7 8 9 |  9.4
Fighting       | 4 5 6 7 8 9 10 | 10.0
Armour         | 3 4 5 6 8 9 10 | 10.0
Axes           | 1 2 4 6 8 10 12 13 | 13.7
Invocations    | 5 |  5.8
Short Blades   | |  1.1
Crossbows      | |  2.1
Shields        | |  2.4

Action                   |  1- 3 |  4- 6 |  7- 9 | 10-12 || total
-------------------------+-------+-------+-------+-------++-------
Melee: Unarmed           |    12 |       |       |       ||    12
       Headbutt          |    17 |    18 |    58 |    77 ||   170
       Short sword       |    40 |       |       |       ||    40
       War axe           |    24 |    66 |    41 |       ||   131
       Hand axe          |    21 |       |       |       ||    21
       Broad axe         |       |       |   171 |       ||   171
       Battleaxe         |       |       |    23 |   376 ||   399
       Morningstar       |       |       |    15 |       ||    15
 Fire: Hand crossbow     |     4 |     7 |     9 |    23 ||    43
Invok: Divine Shield     |       |       |       |     4 ||     4
       Summon Divine War |       |       |       |     1 ||     1
  Use: Scroll            |     8 |     5 |     9 |     1 ||    23
       Potion            |       |       |     2 |       ||     2
  Eat: Chunk             |     1 |     5 |    10 |     3 ||    19
       Ration            |     1 |       |     1 |     4 ||     6
Armor: Ring mail         |    26 |    11 |       |       ||    37
       Plate armour      |       |    21 |   187 |   265 ||   473
       Skin              |       |       |     8 |       ||     8
Dodge: Dodged            |    67 |    38 |    86 |   180 ||   371
       Deflected         |       |       |       |     6 ||     6
Block: Other             |       |       |       |    13 ||    13
